Cogmind - Beta 14 @@@ ROGUE MODE // 2024.11.03 @ 14:16:01 Player: Xellophane Result: Destroyed by S-10 Pest with Light Assault Rifle Performance ------------- Evolutions (0) 0 Regions Visited (2) 400 Robots Destroyed (33) 165 Value Destroyed (552) 552 Prototype IDs (2) 40 Alien Tech Used (0) 0 Bonus (0) 0 TOTAL SCORE: 1157 Bonus ------- None Cogmind --------- Core Integrity 0/250 Matter 294/300 Energy 248/250 System Corruption 2% Temperature Cool (0) Movement Core (500) Ox9 Location -10/Subcaves Parts ------- > --- POWER (1) -------- Ion Engine > --- PROPULSION (2) --- Aluminum Leg > --- UTILITY (2) ------ Large Storage Unit Hacking Suite > --- WEAPON (2) ------- Assault Rifle Assault Rifle > --- INVENTORY (15) --- Aluminum Leg Aluminum Leg Aluminum Leg Small Storage Unit Huge Storage Unit Light Armor Plating Subdweller Beam Cannon Mining Laser Hammer Mining Claw Mining Claw Peak State ------------ > --- POWER ------------ Light Ion Engine > --- PROPULSION ------- Light Treads Light Treads > --- UTILITY ---------- Large Storage Unit Hacking Suite > --- WEAPON ----------- Assault Rifle Assault Rifle > --- INVENTORY -------- Light Ion Engine Light Ion Engine Light Treads Aluminum Leg Aluminum Leg Small Storage Unit Huge Storage Unit Seismic Detector Light Armor Plating Assault Rifle Light Assault Rifle Mining Laser Mining Claw Mining Claw [Rating: 10] Favorites ----------- Power Light Ion Engine Engine Light Ion Engine Propulsion Light Treads Treads Light Treads Leg Aluminum Leg Utility Large Storage Unit Device Seismic Detector Storage Large Storage Unit Hackware Hacking Suite Weapon Assault Rifle Ballistic Gun Assault Rifle Build | -11 -10 -10 ------- Run | Yrd Mat Sub Slots Evolved . | . . . Power . | . . . Propulsion . | . . . Utility . | . . . Weapon . | . . . Parts Attached 20 | 7 8 5 Power 3 | 1 1 1 Engine 3 | 1 1 1 Core . | . . . Reactor . | . . . Propulsion 5 | 2 1 2 Treads 4 | 2 1 1 Leg 1 | . . 1 Wheel . | . . . Hover . | . . . Flight . | . . . Utility 5 | 2 3 . Device 1 | 1 . . Storage 3 | 1 2 . Processor . | . . . Hackware 1 | . 1 . Protection . | . . . Artifact . | . . . Weapon 7 | 2 3 2 Energy Gun . | . . . Energy Cannon . | . . . Ballistic Gun 7 | 2 3 2 Ballistic Cannon . | . . . Launcher . | . . . Special Weapon . | . . . Impact Weapon . | . . . Slashing Weapon . | . . . Piercing Weapon . | . . . Special Melee Weapon . | . . . Unidentified Prototypes . | . . . Parts Lost 10 | . 4 6 Power 2 | . 1 1 Propulsion 3 | . . 3 Utility . | . . . Weapon 5 | . 3 2 Highest Loss Streak 3 | . 3 3 To Critical Strikes . | . . . Average Slot Usage (%) 99 | . 99 99 Engine 14 | . 14 14 Treads 24 | . 28 16 Leg 3 | . . 11 Device 4 | . 6 . Storage 14 | . 14 14 Hackware 9 | . 7 14 Ballistic Gun 27 | . 27 28 Peak Build Rating 10 | 7 10 10 Average Rating 8 | 5 8 9 On Entrance 5 | . 7 10 Naked Turns . | . . . Heaviest Build 88 | 13 88 29 Greatest Support 40 | 40 40 40 Greatest Overweight (x) 4 | 4 2 1 Average Overweight (x) . | 1 . . Largest Inventory Capacity 25 | 8 25 15 Average Capacity 15 | 7 17 15 Most Carried 15 | 8 15 15 Average Carried 11 | 5 11 11 Final Capacity 15 | 8 15 15 Final Carried 15 | 8 15 11 Class Distribution -------------------- 76% | Mutant 23% | Scavenger-Mutant Dominant Class ---------------- Mutant | -10/Materials Scavenger-Mutant | -10/Subcaves Resources | -11 -10 -10 ----------- Run | Yrd Mat Sub Matter Collected 951 | 366 465 120 Remotely . | . . . Salvage Created 974 | 167 677 130 Parts 72 | 15 49 8 Haulers Intercepted 2 | . 2 . Recyclers Shooed 2 | 1 1 . Parts Field Recycled . | . . . Retrieved Matter . | . . . Parts Self-Destructed 3 | . . 3 Prevented . | . . . Kills | -11 -10 -10 ------- Run | Yrd Mat Sub Combat Hostiles Destroyed 20 | . 16 4 Guns 20 | . 16 4 Classes Destroyed 8 | 3 4 1 Worker 2 | 1 1 . Tunneler 4 | 4 . . Hauler 2 | . 2 . Recycler 2 | 1 1 . Operator 3 | . 3 . Swarmer 10 | . 9 1 Grunt 7 | . 7 . Subdweller 3 | . . 3 Best Kill Streak 6 | 2 6 1 Combat Bots Only 6 | . 6 1 Max Kills in Single Turn 1 | 1 1 1 Gunslinging . | . . . Exploded . | . . . Melee . | . . . Uniques/NPCs Destroyed . | . . . Combat | -11 -10 -10 -------- Run | Yrd Mat Sub Hostile Shots Fired 179 | . 149 30 Missed 53 | . 45 8 Damage Taken 1429 | . 934 495 Core 256 | . 151 105 Absorbed by Shields . | . . . Core Remaining (%) 100 | 100 . . Volleys Fired 113 | 16 81 16 Largest 2 | 2 2 2 Hottest 40 | 40 40 40 Shots Fired 220 | 32 160 28 Gun 220 | 32 160 28 Cannon . | . . . Launcher . | . . . Special . | . . . Kinetic 220 | 32 160 28 Thermal . | . . . Explosive . | . . . Electromagnetic . | . . . Robot Hit Streak 12 | 4 12 6 Robot Miss Streak 5 | 2 5 3 Penetration Max . | . . . Secondary Targets 4 | . 3 1 Max Gunslinging Chain 1 | . 1 1 Shots Hit Robots 133 | 17 96 20 Core Hits 52 | 7 36 9 Critical Kills . | . . . Critical Parts Destroyed 1 | . . 1 Critical Strikes 1 | . . 1 Destroy 1 | . . 1 Melee Attacks . | . . . Impact . | . . . Slashing . | . . . Piercing . | . . . Sneak Attacks . | . . . Combat Hostiles . | . . . Follow-up Attacks . | . . . Damage Inflicted 1657 | 214 1193 250 Guns 1616 | 214 1152 250 Cannons . | . . . Explosions . | . . . Melee . | . . . Ramming 41 | . 41 . Kinetic 1616 | 214 1152 250 Thermal . | . . . Explosive . | . . . Electromagnetic . | . . . Impact . | . . . Slashing . | . . . Piercing . | . . . Highest Corruption 2 | . 2 2 Average Corruption 2 | . 2 2 Corruption Purged . | . . . Corruption Blocked . | . . . Effects 8 | . 1 7 Message Errors 2 | . 1 1 Matter Fused 3 | . . 3 Heat Flow Errors 1 | . . 1 Data Loss (minor) 2 | . . 2 Overload Shots . | . . . Overflow Damage . | . . . Projectiles . | . . . Explosions . | . . . Melee . | . . . Knockbacks . | . . . Impact . | . . . Kinetic . | . . . Secondary . | . . . Self-Inflicted Damage . | . . . Shots . | . . . Rammed 6 | . 6 . Targets Rammed 6 | . 6 . Kicked . | . . . Crushed . | . . . Highest Temperature 167 | 1 12 167 Average Temperature 24 | 1 7 88 Received Heat Transfer 384 | . 234 150 Siege Activations . | . . . Robots Corrupted 1 | . 1 . Combat Hostiles . | . . . Parts Fried 1 | . 1 . Impact Corruptions 1 | . 1 . Robots Melted . | . . . Combat Hostiles . | . . . Parts Melted 1 | . . 1 Heat Transferred . | . . . Parts Sabotaged . | . . . Parts Stolen . | . . . Parts Stripped . | . . . Power Chain Reactions . | . . . Alert | -11 -10 -10 ------- Run | Yrd Mat Sub Peak Influence 338 | 30 338 . Initial 19 | . 19 . Average 154 | 16 176 . Maximum Alert Level 1 | . 1 . Low Security (%) 51 | 100 43 . Level 1 48 | . 56 . Level 2 . | . . . Level 3 . | . . . Level 4 . | . . . Level 5 . | . . . High Security . | . . . Max Security . | . . . Squads Dispatched 4 | . 4 . Investigation 2 | . 2 . Extermination . | . . . Reinforcement 2 | . 2 . Assault . | . . . Garrison . | . . . Intercept . | . . . Searches Triggered . | . . . Construction Impeded . | . . . Haulers Reinforced . | . . . Active Scanning Responses . | . . . Cargo Convoy Interrupts . | . . . Stealth | -11 -10 -10 --------- Run | Yrd Mat Sub Distress Signals 2 | . 2 . Communications Jammed . | . . . Distress Signals . | . . . Times Spotted 37 | . 31 6 Peak Tracking Total 7 | . 7 3 Tactical Retreats 2 | . 2 . Traps | -11 -10 -10 ------- Run | Yrd Mat Sub Traps Triggered 2 | . 2 . Indirectly . | . . . Trap Hack Attempts . | . . . Triggered . | . . . Disarmed . | . . . Reprogrammed . | . . . Reused . | . . . Traps Extracted . | . . . Installed . | . . . Triggered . | . . . Machines | -11 -10 -10 ---------- Run | Yrd Mat Sub Machines Disabled . | . . . Max in Single Turn . | . . . Machines Repaired . | . . . Machines Dismantled . | . . . Machines Sabotaged . | . . . Overloaded Fab Kills . | . . . Hacking | -11 -10 -10 --------- Run | Yrd Mat Sub Machines Accessed 3 | . 3 . Terminals 3 | . 3 . Fabricators . | . . . Repair Stations . | . . . Recycling Units . | . . . Scanalyzers . | . . . Garrison Access . | . . . Total Hacks 10 | . 10 . Successful 2 | . 2 . Failed 8 | . 8 . Catastrophic 2 | . 2 . Database Lockouts . | . . . Manual 5 | . 5 . Terminals 10 | . 10 . Fabricators . | . . . Repair Stations . | . . . Recycling Units . | . . . Scanalyzers . | . . . Garrison Access . | . . . Terminal Hacks 2 | . 2 . Prototype ID Bank 1 | . 1 . Terminal Index 1 | . 1 . Fabricator Hacks . | . . . Repair Station Hacks . | . . . Recycling Unit Hacks . | . . . Scanalyzer . | . . . Garrison Access Hacks . | . . . Unauthorized Hacks . | . . . Terminals . | . . . Fabricators . | . . . Repair Stations . | . . . Recycling Units . | . . . Scanalyzers . | . . . Garrison Access . | . . . Data Cores Recovered . | . . . Used . | . . . Hacking Detections 3 | . 3 . Full Trace Events 3 | . 3 . Feedback Events . | . . . Feedback Blocked . | . . . Robot Schematics Acquired . | . . . Robots Built . | . . . Authchips . | . . . Time . | . . . Total Robot Build Rating . | . . . Part Schematics Acquired . | . . . Parts Built . | . . . Authchips . | . . . Time . | . . . Total Part Build Rating . | . . . Parts Repaired . | . . . Time . | . . . Parts Recycled . | . . . Recycled Matter . | . . . Retrieved Matter . | . . . Retrieved Components . | . . . Parts Scanalyzed . | . . . Part Schematics Acquired . | . . . Parts Damaged . | . . . Bothacking | -11 -10 -10 ------------ Run | Yrd Mat Sub Used RIF Installer . | . . . Robots Hacked . | . . . Non-combat . | . . . Combat . | . . . Robot Hacks Applied . | . . . Relay Couplers Released . | . . . Fabnet Peak Effective % . | . . . Robots Rewired . | . . . Allies Hacked . | . . . Hacks Repelled . | . . . Allies | -11 -10 -10 -------- Run | Yrd Mat Sub Total Allies . | . . . Largest Group . | . . . Highest-Rated Group . | . . . Highest-Rated Ally . | . . . Total Orders . | . . . Ally Attacks . | . . . Total Damage . | . . . Kills . | . . . Allies Corrupted . | . . . Allies Melted . | . . . Intel | -11 -10 -10 ------- Run | Yrd Mat Sub Robot Analysis Total . | . . . Derelict Logs Recovered . | . . . Drone Launches . | . . . Drone Recoveries . | . . . Exploration | -11 -10 -10 ------------- Run | Yrd Mat Sub Turns Passed 1940 | 197 1232 511 Spaces Moved 778 | 80 495 203 Core 45 | 45 . . Treads 733 | 35 495 203 Legs . | . . . Wheels . | . . . Hover . | . . . Flight . | . . . Fastest Speed 50 | 50 160 160 Average Speed 197 | 163 191 224 Slowest Speed 320 | 250 320 240 Overloaded Moves . | . . . Propulsion Burnouts . | . . . Robots Hopped . | . . . Cave-ins Triggered . | . . . Exploration Rate (%) 37 | 6 86 20 Regions Visited 2 Branch Regions 1 Pre-discovered Areas . | . . . Known Exits Taken . | . . . Unknown Exits Taken 2 | 1 1 . Scrap Searched . | . . . Spaces Dug . | . . . Terrain Destroyed . | . . . Melee . | . . . Projectile . | . . . AOE . | . . . Terrain Rammed . | . . . Walls Destroyed . | . . . Machines Disabled . | . . . Actions | -11 -10 -10 --------- Run | Yrd Mat Sub Total 968 | 112 622 234 Wait 24 | . 15 9 Move 776 | 79 494 203 Hop . | . . . Pick Up 25 | 10 14 1 Fast Attach 5 | 5 . . Attach 11 | 2 4 5 Detach . | . . . Swap 4 | . 4 . Drop 4 | . 4 . Fire 113 | 16 81 16 Melee . | . . . Ram . | . . . Kick . | . . . Crush 6 | . 6 . Escape Stasis . | . . . Rewire . | . . . Trap . | . . . Miscellaneous . | . . . Route ------- -11/Scrapyard -10/Materials (discovered 5 exits: [*Mat x3] / [*Min] / [*Sub]) -10/Subcaves History --------- Turn | Location | Event 10 | -11/Scrapyard | Discovered new exit (range 13) 198 | -11/Scrapyard | Entered Materials 311 | -10/Materials | Build established: Mutant 487 | -10/Materials | Discovered new exit (range 14) 791 | -10/Materials | Discovered new exit (range 14) 1018 | -10/Materials | Lost 3 parts (1p2w) 1037 | -10/Materials | Discovered new exit (range 16) 1208 | -10/Materials | Discovered new exit (range 9) 1228 | -10/Materials | Core integrity fell below 50% 1304 | -10/Materials | Discovered new exit (range 15) 1430 | -10/Materials | Entered Subcaves 1464 | -10/Subcaves | Ambushed by Subdwellers from Twisted Machinery 1518 | -10/Subcaves | Core integrity fell below 20% 1568 | -10/Subcaves | Lost 3 parts (1n2w) 1844 | -10/Subcaves | Build established: Scavenger-Mutant 1941 | -10/Subcaves | Destroyed by S-10 Pest with Light Assault Rifle Last Messages --------------- 01553_ Subatomizers dissect the Sub. Power Source. 01602_ E4Z>OYX>CCAVY 01663_ System corrupted: Heat flow error (+207). 01748_ Subatomizers dissect the Sub. Machine Gun. 01760_ Subatomizers dissect the Sub. Power Source. 01768_ System corrupted: Matter fused (-9). 01784_ System corrupted: Matter fused (-8). 01786_ B4-1JY(R) destroyed. 01799_ Acquired 29 matter. 01811_ Subatomizers dissect the Sub. Power Source. 01820_ System corrupted: Component data lost. 01821_ Subatomizers dissect the Sub. Power Source. 01823_ Acquired 18 matter. 01831_ Subatomizers dissect the Sub. Machine Gun. 01846_ Subatomizers dissect the Wheel. 01928_ System corrupted: Component data lost. 01939_ Lgt. Treads destroyed. 01941_ S-10 Pest destroyed. 01941_ Switching to secondary target: S-10 Pest. Map ----- +----------------------------------------------------+ | ?????????????????????????????????????????????????? | | ?????????????????????????????????????????????????? | | ?????????????????????????????????????????????????? | | ?????????????????????????????????????????????????? | | ?????????????????????????????????????????????????? | | ?????????????????????????????????????????????????? | | ???????????????????????????????????????????#?????? | | ???????????????????????????????????????????# ????? | | ???????????????????????????????????????????# ???? | | ????????????????????????????? ????????????# ??? | | ????????????????????????????? ?????? #### # ### | | ????????????????????????????? ???? | | ???????????????????????????## ?????? | | ???????????????? ???????## ###?#### ##?????# | | ???????????????? ?????## ??? #?????## | | ????????????????? ????## ????# ##?????## | | ?????????????????# ???# ?????# #??????# | | ?????????????????# ????# # ?????# #?????## | | ?????????????????# ??## ## ##???# ####### | | ??????????????????# #?# ## #???# | | ???????????????????# ## ## ##### | | ????????????????????# ss # | | ????????????????????# = ## ## | | ???????????????????????#% ## ### | | ??????????????????????## ## #? | | ??????????????????????# @ ### ## #? | | ?????????????????????# ####?#### ### #### | | ?????????????????????######???????###?### #??### | | ????????????????????????????????????????# #????? | | ????????????????????????????????????????## #????? | | ?????????????????????????????????????????####????? | | ?????????????????????????????????????????????????? | | ?????????????????????????????????????????????????? | | ?????????????????????????????????????????????????? | | ?????????????????????????????????????????????????? | | ?????????????????????????????????????????????????? | | ?????????????????????????????????????????????????? | | ?????????????????????????????????????????????????? | | ?????????????????????????????????????????????????? | | ?????????????????????????????????????????????????? | | ?????????????????????????????????????????????????? | | ?????????????????????????????????????????????????? | | ?????????????????????????????????????????????????? | | ?????????????????????????????????????????????????? | | ?????????????????????????????????????????????????? | | ?????????????????????????????????????????????????? | | | | | | | | | +----------------------------------------------------+ Best States ------------- Heat Dissipation 25 Energy Generation 10 Energy Capacity 250 Matter Stores 300 Matter Capacity 300 Sight Range 16 Terrain Scan Density 10 Evasion (%) 40 Recoil Reduction 2 Offensive Hacking 10 Item Schematics ----------------- None Robot Schematics ------------------ None Fabricated ------------ Nothing Alien Tech Used ----------------- None Achievements -------------- None Challenges ------------ None Game ------ Seed MakeshiftBoltTelecube Manual? 0 Play Time 00:15:54 Cumulative 16.7 hours Start 2024.11.03 @ 14:01:58 End 2024.11.03 @ 14:16:01 Sessions 1 Manual Loads 0 Difficulty Rogue Special Mode None Game No. 25 Rogue 25 Adventurer 0 Explorer 0 Win Type - Total 0 Types 0/0/0/0/0/0/0/0/0 Lore% 6 Gallery% 10 Achievement% 17 Wizard Run 0 Options --------- Layout 0 ASCII 0 Keyboard 1 Movement Numpad Keybinds 0 Fullscreen 2 Font 18/SmallcapsGlow Map View 76x50 Zoom Use 0% Tactical HUD 1 Map Filters NONE Filters NONE Steam 1 RUN: f9549506-2bab-4d41-8570-1b4022cbe253